 Dungeon Crawl Stone Soup version 0.29-a0-529-gfa20dd96a1 (webtiles) character file.

Game seed: 9876828065603517176

45523 jlumianski the Cleaver (level 14, -7/87 HPs)
             Began as a Gargoyle Fighter on June 1, 2022.
             Was an Elder of Qazlal.
             Mangled by an orc warlord
             ... wielding a +2 long sword of flaming
              (10 damage)
             ... on level 1 of the Orcish Mines on June 2, 2022.
             The game lasted 01:31:04 (21410 turns).

jlumianski the Cleaver (Gargoyle Fighter)          Turns: 21410, Time: 01:31:04

Health: -7/87      AC: 34    Str: 25    XL:     14   Next: 33%
Magic:  0/21       EV:  8    Int:  9    God:    Qazlal [****..]
Gold:   813        SH: 15    Dex:  9    Spells: 13/13 levels left

rFire   + + .      SeeInvis .   l - +4 broad axe (flame)
rCold   x . .      Faith    .   d - +0 kite shield
rNeg    + . .      Spirit   +   h - +4 chain mail {Will+}
rPois   ∞          Reflect  .   v - +1 helmet
rElec   +          Harm     .   k - +1 cloak of Melancholy {rF+ rC- Stlth+}
rCorr   .          Rampage  .   (no gloves)
Will    +++..                   X - +2 pair of boots {Fly}
Stlth   ..........              O - amulet of guardian spirit
HPRegen 0.24/turn               s - ring of protection from fire
MPRegen 0.17/turn               q - ring of willpower

@: flying, repel missiles
A: sickness immunity, AC +10, big wings, negative energy resistance 1,
electricity resistance, torment resistance 1, petrification resistance
a: Renounce Religion, Upheaval, Elemental Force


You were on level 1 of the Orcish Mines.
You worshipped Qazlal.
Qazlal was greatly pleased with you.
You visited 4 branches of the dungeon, and saw 19 of its levels.
You also visited: Gauntlet.

You collected 1678 gold pieces.
You spent 865 gold pieces at shops.

Inventory:

Hand Weapons
 l - a +4 broad axe of flaming (weapon)
Missiles
 m - 8 atropa-tipped darts
 p - 32 poisoned darts
 F - 8 javelins
 G - 2 throwing nets
 H - 17 boomerangs (quivered)
Armour
 d - a +0 kite shield (worn)
 h - a +4 chain mail of willpower (worn)
 k - the +1 cloak of Melancholy (worn) {rF+ rC- Stlth+}
   (You found it in a Gauntlet)

   rF:        It protects you from fire.
   rC:        It makes you vulnerable to cold.
   Stlth:     It makes you more stealthy.
 v - a +1 helmet (worn)
 X - a +2 pair of boots of flying (worn)
Jewellery
 q - a ring of willpower (right hand)
 s - a ring of protection from fire (left hand)
 t - a ring of see invisible
 C - a ring of resist corrosion
 I - a ring of positive energy
 O - an amulet of guardian spirit (around neck)
 Q - an amulet of the acrobat
Wands
 j - a wand of flame (77)
 K - a wand of iceblast (10)
 N - a wand of acid (8)
 V - a wand of charming (6)
Scrolls
 e - 2 scrolls of magic mapping
 f - 2 scrolls of identify
 i - a scroll of fog
 u - 5 scrolls of teleportation
 A - 2 scrolls of blinking
 D - a scroll of fear
 J - a scroll of enchant armour
Potions
 b - 2 potions of magic
 n - 3 potions of attraction
 o - 3 potions of heal wounds
 r - 5 potions of curing
 w - 2 potions of haste
 x - a potion of mutation
 L - 2 potions of lignification
 P - a potion of might
Miscellaneous
 y - a lightning rod (3/4)
 B - a phial of floods


   Skills:
 + Level 9.8 Fighting
 + Level 12.9 Axes
 + Level 1.6 Throwing
 + Level 10.6 Armour
 + Level 3.4 Dodging
 + Level 3.0 Stealth
 + Level 10.4 Shields
 * Level 10.3 Invocations
 * Level 7.8 Evocations


You had 13 spell levels left.
You didn't know any spells.
Your spell library contained the following spells:

 Spells                   Type           Power      Damage    Failure   Level
 Apportation              Tloc           0%         N/A       99%         1
 Necrotize                Necr           0%         1d4       99%         1
 Sandblast                Erth           0%         2d4       99%         1
 Shock                    Conj/Air       0%         1d3       99%         1
 Summon Small Mammal      Summ           0%         N/A       99%         1
 Blink                    Tloc           0%         N/A       100%        2
 Ensorcelled Hibernation  Hex/Ice        0%         N/A       100%        2
 Passwall                 Tmut/Erth      0%         N/A       100%        2
 Scorch                   Fire           0%         2d5       100%        2
 Static Discharge         Conj/Air       0%         N/A       100%        2
 Wereblood                Tmut           0%         N/A       100%        2
 Conjure Flame            Conj/Fire      0%         6-21      100%        3
 Ignite Poison            Fire/Tmut/Pois 0%         N/A       100%        3
 Stone Arrow              Conj/Erth      0%         3d7       100%        3
 Summon Guardian Golem    Hex/Summ       0%         N/A       100%        3
 Tukima's Dance           Hex            0%         N/A       100%        3
 Animate Armour           Summ/Erth      0%         N/A       100%        4
 Cause Fear               Hex            0%         N/A       100%        4
 Corpse Rot               Necr/Pois/Air  0%         N/A       100%        4
 Dispel Undead            Necr           0%         3d6       100%        4
 Flame Wave               Conj/Fire      0%         2d4       100%        4
 Sticky Flame             Conj/Fire      0%         2d3       100%        4
 Blade Hands              Tmut           0%         N/A       100%        5
 Manifold Assault         Tloc           0%         N/A       100%        5
 Death Channel            Necr           0%         N/A       100%        6
 Iron Shot                Conj/Erth      0%         9d1       100%        6
 Summon Cactus Giant      Summ           0%         N/A       100%        6
 Dragon Form              Tmut           0%         N/A       100%        7
 Enfeeble                 Hex            0%         N/A       100%        7
 Orb of Destruction       Conj           0%         9d5       100%        7
 Spellforged Servitor     Conj/Summ      0%         N/A       100%        7
 Storm Form               Tmut/Air       0%         N/A       100%        7
 Summon Hydra             Summ           0%         N/A       100%        7
 Dragon's Call            Summ           0%         N/A       100%        9
 Sublimation of Blood     Necr           Unusable   N/A       N/A         2

Dungeon Overview and Level Annotations

Branches:
Dungeon (15/15)            Temple (1/1) D:4            Lair (1/6) D:10
    Orc (2/2) D:9          Vaults (0/5) D:13         Depths (0/4) D:15
Gauntlet (visited)
    Elf: Orc:2

Altars:
Ashenzari
Cheibriados
Elyvilon
Fedhas
Gozag
Hepliaklqana
Kikubaaqudgha
Makhleb
Nemelex Xobeh
Okawaru
Qazlal
Ru
Sif Muna
Uskayaw
Vehumet
Wu Jian
Xom
Yredelemnul
Zin
The Shining One

Shops:
D:6 ?   D:11 [   D:12 [   D:15 (

Annotations:
D:4 2 transporters, DocClef's ghost, amateur GnDe
D:14 Liull's ghost, journeyman OpAE


Innate Abilities, Weirdness & Mutations

You are immune to sickness and miasma.
Your stone body is resilient. (AC +10)
You are immune to poison.
Your large and strong wings let you fly.
You resist negative energy. (rN+)
You are resistant to electric shocks. (rElec)
You are resistant to unholy torment.
You are immune to petrification.


Message History

You hit the orc warlord. You burn the orc warlord.
The orc warlord is severely wounded.
The orc warlord is engulfed in freezing vapours.
The orc warlord hits you but does no damage.
You hit the orc warlord but do no damage.
The orc warlord is severely wounded.
The orc warlord is engulfed in freezing vapours.
The orc warlord hits you with a +2 long sword of flaming!
* * * LOW HITPOINT WARNING * * *
You slice the orc warlord!! You burn the orc warlord!
The orc warlord is almost dead.
The orc warlord is engulfed in freezing vapours.
The orc warlord hits you with a +2 long sword of flaming.
* * * LOW HITPOINT WARNING * * *
The orc warlord blocks your attack.
The orc warlord is almost dead.
The orc warlord is engulfed in freezing vapours.
You block the orc warlord's attack. The orc warlord blocks your attack.
The orc warlord is almost dead.
The orc warlord hits you with a +2 long sword of flaming.
* * * LOW HITPOINT WARNING * * *
The orc warlord blocks your attack.
The orc warlord is almost dead.
The orc warlord hits you with a +2 long sword of flaming!
* * * LOW HITPOINT WARNING * * *
You completely miss the orc warlord.
The orc warlord is almost dead.
The orc warlord hits you with a +2 long sword of flaming!!
* * * LOW HITPOINT WARNING * * *
The orc warlord burns you.
* * * LOW HITPOINT WARNING * * *
Press: ? - help, v - describe, . - travel
Here: an orc warlord, wielding a +2 long sword of flaming, wearing a +3 plate armour of cold resistance and wearing a +0 kite shield (sparse dust, almost dead)
The floor.
The orc warlord blocks your attack.
The orc warlord is almost dead.
The orc warlord hits you but does no damage.
The orc warlord hits you with a +2 long sword of flaming!
You die...

### ### ######
########.###.###.....
##.##.#....#...#......
#......○...#..........
##..........#.........
###.@.°.....#........
##.○..o°..............
##....○○§.........>....
#...........#......[...
##.........#...........
##....#...)........[[[[
#.....#............))><
##.........>........[)[
##.........#............


You could see an orc warlord.

Vanquished Creatures
  Kirke (D:14)
  A stone giant (D:15)
  A minotaur (Gauntlet)
  A fire dragon (D:14)
  The ghost of Feovuobo the Carver, a journeyman DsGl of Okawaru (D:15)
  A vault guard (D:12)
  3 boulder beetles
  2 two-headed ogres
  4 centaur warriors
  2 orc knights
  5 necromancers
  2 deep elf pyromancers (D:14)
  3 manticores
  Pikel (D:6)
  3 cyclopes
  3 orc sorcerers (Orc:1)
  8 ugly things
  A hellion (Gauntlet)
  A gargoyle (D:11)
  A yaktaur (D:13)
  A tengu conjurer (D:15)
  A freezing wraith (D:15)
  6 trolls
  A queen bee (shapeshifter) (D:15)
  3 meliai (D:15)
  A hornet (shapeshifter) (D:14)
  2 polar bears (D:15)
  3 slime creatures (D:13)
  A water elemental (D:14)
  A shadow (D:12)
  3 centaur simulacra (D:15)
  2 wraiths
  20 humans
  3 wyverns
  17 yaks
  2 hogs (D:14)
  Eustachio (D:4)
  6 vampire mosquitoes
  A steam dragon (D:8)
  Menkaure (D:4)
  2 acid dragons
  7 wargs
  2 water moccasins
  A hell hound (Gauntlet)
  20 orc warriors
  4 ice beasts
  A sky beast (D:6)
  10 ogres
  A black bear (D:5)
  8 wolves (Gauntlet)
  4 centaurs
  A lemure (D:6)
  A phantom (D:5)
  3 kobold brigands
  4 gnoll sergeants
  2 bullfrogs (D:7)
  A necrophage (D:5)
  4 scorpions
  4 wights (D:6)
  12 killer bees
  7 howler monkeys
  7 hounds
  A jelly (D:4)
  Crazy Yiuf (D:4)
  3 gnoll shamans
  15 orc priests
  Terence (D:3)
  6 iguanas
  24 orc wizards
  29 gnolls
  7 adders
  A shadow imp (D:5)
  3 white imps
  2 ufetubi
  2 worms (D:2)
  2 dart slugs
  69 orcs
  4 ball pythons
  3 bats
  7 endoplasms
  4 giant cockroaches
  8 goblins (D:1)
  7 hobgoblins
  A jackal (D:6)
  21 kobolds
  5 quokkas
  3 frilled lizards
  7 rats
463 creatures vanquished.

Vanquished Creatures (collateral kills)
  A two-headed ogre (D:11)
  3 ugly things (D:15)
  A troll (D:10)
  Prince Ribbit (D:9)
  A centaur simulacrum (D:15)
  A yak (D:11)
  An ogre (Orc:1)
9 creatures vanquished.

Vanquished Creatures (others)
  A kobold (D:8)
  2 demonic plants (Gauntlet)
  A fungus (D:1)
  A plant (D:1)
  14 withered plants (Gauntlet)
19 creatures vanquished.

Grand Total: 491 creatures vanquished

Notes
Turn   | Place    | Note
-------+----------+-------------------------------------------
     0 | D:1      | jlumianski the Gargoyle Fighter began the quest for the
                  | Orb.
     0 | D:1      | Reached XP level 1. HP: 14/14 MP: 1/1
   303 | D:1      | Reached XP level 2. HP: 14/19 MP: 2/2
   562 | D:1      | Found a faded altar of an unknown god.
   848 | D:2      | Reached XP level 3. HP: 23/23 MP: 3/3
   930 | D:1      | Reached skill level 2 in Axes
  1684 | D:2      | Reached XP level 4. HP: 27/28 MP: 4/4
  2128 | D:4      | Noticed an ogre
  2834 | D:4      | Reached skill level 3 in Axes
  2834 | D:4      | Reached XP level 5. HP: 28/33 MP: 5/5
  2962 | D:3      | Noticed Terence
  2971 | D:3      | Killed Terence
  3209 | D:4      | Killed an ogre
  3210 | D:4      | Reached skill level 4 in Axes
  3210 | D:4      | Reached XP level 6. HP: 29/38 MP: 6/6
  3342 | D:4      | Found a staircase to the Ecumenical Temple.
  3348 | Temple   | Entered the Ecumenical Temple
  3535 | Temple   | Became a worshipper of Qazlal Stormbringer
  3578 | D:4      | Found a transporter.
  3583 | D:4      | Found a transporter.
  3583 | D:4      | Noticed DocClef's ghost (amateur GnDe)
  3850 | D:4      | Noticed Menkaure
  3854 | D:4      | Killed Menkaure
  3862 | D:5      | Entered Level 5 of the Dungeon
  3887 | D:4      | Reached XP level 7. HP: 36/44 MP: 7/7
  3962 | D:4      | Noticed Eustachio
  3976 | D:4      | Killed Eustachio
  3977 | D:4      | Reached skill level 5 in Axes
  4119 | D:4      | Found a runed translucent door.
  4120 | D:4      | Noticed Crazy Yiuf
  4236 | D:4      | Killed Crazy Yiuf
  4335 | D:5      | Reached skill level 5 in Armour
  4710 | D:5      | Reached skill level 1 in Dodging
  4713 | D:5      | Reached XP level 8. HP: 41/48 MP: 8/8
  4850 | D:5      | Reached skill level 5 in Fighting
  4856 | D:5      | Reached skill level 6 in Axes
  4858 | D:5      | Reached * piety under Qazlal
  4951 | D:5      | Reached skill level 1 in Invocations
  5678 | D:5      | Reached XP level 9. HP: 55/55 MP: 11/11
  5734 | D:6      | Found a blossoming altar of Fedhas.
  5738 | D:6      | Found an ancient bone altar of Kikubaaqudgha.
  5761 | D:6      | Reached skill level 7 in Axes
  6041 | D:6      | Reached skill level 5 in Shields
  6050 | D:6      | Reached ** piety under Qazlal
  6865 | D:6      | Found a sparkling altar of Nemelex Xobeh.
  6865 | D:6      | Found a glowing golden altar of the Shining One.
  7138 | D:6      | Found Liawent's Magic Scroll Emporium.
  7143 | D:6      | Bought a scroll of enchant weapon for 97 gold pieces
  7143 | D:6      | Bought a scroll of identify for 26 gold pieces
  7322 | D:6      | Reached skill level 8 in Axes
  7714 | D:6      | Reached *** piety under Qazlal
  7798 | D:7      | Noticed Pikel
  8139 | D:6      | Killed Pikel
  8140 | D:6      | Reached skill level 1 in Evocations
  8140 | D:6      | Reached XP level 10. HP: 61/61 MP: 13/13
  8517 | D:7      | Reached skill level 5 in Invocations
  8916 | D:8      | Identified the +0 war axe "Soev" {venom, Drain rF+ rC+}
  9183 | D:8      | Reached skill level 9 in Axes
 10006 | D:10     | Entered Level 10 of the Dungeon
 10195 | D:9      | Reached skill level 1 in Throwing
 10291 | D:9      | Noticed a two-headed ogre
 10307 | D:9      | Killed a two-headed ogre
 10308 | D:9      | Reached XP level 11. HP: 43/67 MP: 8/15
 10519 | D:9      | Found a staircase to the Orcish Mines.
 10534 | D:9      | Noticed Prince Ribbit
 10546 | D:9      | Killed Prince Ribbit
 11166 | D:10     | Noticed a manticore
 11175 | D:10     | Killed a manticore
 11509 | D:10     | Reached **** piety under Qazlal
 11645 | D:11     | Found Adghushe's Armour Boutique.
 11651 | D:11     | Bought a +2 pair of boots of flying for 301 gold pieces
 11842 | D:10     | Found a staircase to the Lair.
 12072 | D:11     | Noticed a two-headed ogre
 12087 | D:11     | Killed a two-headed ogre
 12283 | D:11     | Reached skill level 10 in Axes
 12639 | D:12     | Noticed a boulder beetle
 12654 | D:12     | Noticed a two-headed ogre
 12689 | D:11     | Killed a boulder beetle
 13303 | D:11     | Killed a two-headed ogre
 13304 | D:11     | Reached skill level 1 in Stealth
 13304 | D:11     | Reached XP level 12. HP: 56/73 MP: 9/17
 13585 | D:12     | Reached skill level 5 in Evocations
 13801 | D:12     | Noticed a boulder beetle
 13834 | D:12     | Killed a boulder beetle
 13966 | D:13     | Noticed a centaur warrior
 13975 | D:13     | Killed a centaur warrior
 14111 | D:12     | Found Qousev's Armour Shop.
 14186 | D:13     | Noticed a centaur warrior
 14196 | D:13     | Killed a centaur warrior
 14453 | D:13     | Reached skill level 11 in Axes
 14515 | D:13     | Found a gate to the Vaults.
 14515 | D:13     | Noticed a vault guard
 14515 | D:13     | Noticed a vault guard
 14586 | D:11     | Bought a +4 chain mail of willpower for 441 gold pieces
 14820 | D:12     | Killed a vault guard
 15032 | D:13     | Reached XP level 13. HP: 78/79 MP: 19/19
 15454 | D:14     | Found a gate leading to a gauntlet.
 15471 | Gauntlet | Entered a Gauntlet
 15471 | Gauntlet | Found a transporter.
 15471 | Gauntlet | Found a transporter.
 15475 | Gauntlet | Found a transporter.
 15475 | Gauntlet | Found a transporter.
 15477 | Gauntlet | Found a large runed translucent door.
 15478 | Gauntlet | Found a large runed translucent door.
 15479 | Gauntlet | Found a large runed translucent door.
 15479 | Gauntlet | Found a large runed translucent door.
 15479 | Gauntlet | Found a runed translucent door.
 15494 | Gauntlet | Found a transporter.
 15512 | Gauntlet | Found a transporter.
 15532 | Gauntlet | Found a transporter.
 15548 | Gauntlet | Found a transporter.
 15646 | Gauntlet | Found a transporter.
 15665 | Gauntlet | Found a transporter.
 15667 | Gauntlet | Found a large runed translucent door.
 15668 | Gauntlet | Found a large runed translucent door.
 15669 | Gauntlet | Found a large runed translucent door.
 15669 | Gauntlet | Found a large runed translucent door.
 15669 | Gauntlet | Found a runed translucent door.
 15685 | Gauntlet | Found a transporter.
 15701 | Gauntlet | Found a transporter.
 15703 | Gauntlet | Found a large runed translucent door.
 15704 | Gauntlet | Found a large runed translucent door.
 15706 | Gauntlet | Found a runed translucent gate.
 15723 | Gauntlet | Found a transporter.
 15811 | Gauntlet | Found a large runed translucent door.
 15812 | Gauntlet | Found a large runed translucent door.
 15813 | Gauntlet | Found a large runed translucent door.
 15813 | Gauntlet | Found a large runed translucent door.
 15814 | Gauntlet | Found a runed translucent gate.
 15822 | Gauntlet | Found a transporter.
 15824 | Gauntlet | Found a transporter.
 15824 | Gauntlet | Found a runed translucent gate.
 15834 | Gauntlet | Found a large runed translucent door.
 15834 | Gauntlet | Found a large runed translucent door.
 15940 | Gauntlet | Identified the +1 cloak of Melancholy {rF+ rC- Stlth+}
 16074 | Gauntlet | Found a transporter.
 16151 | Gauntlet | Noticed a minotaur
 16163 | Gauntlet | Killed a minotaur
 16354 | D:14     | Noticed a fire dragon
 16362 | D:14     | Found a transporter.
 16366 | D:14     | Noticed an iron dragon
 16366 | D:14     | Noticed Liull's ghost (journeyman OpAE)
 16382 | D:14     | Reached skill level 10 in Armour
 16393 | D:14     | Noticed a fire dragon
 16403 | D:14     | Found a transporter.
 16484 | D:15     | Entered Level 15 of the Dungeon
 16721 | D:14     | Reached skill level 12 in Axes
 17311 | D:14     | HP: 3/80 [iron dragon (9)]
 17589 | D:15     | Found a runed translucent gate.
 17589 | D:15     | Found a runed translucent gate.
 17589 | D:15     | Found a runed translucent gate.
 17589 | D:15     | Noticed Feovuobo's ghost (journeyman DsGl)
 17629 | D:15     | Found Udem Wor's Antique Weapon Emporium.
 18055 | D:15     | Noticed a stone giant
 18056 | D:15     | Found a staircase to the Depths.
 18062 | D:15     | Killed a stone giant
 18089 | D:15     | Upgraded the game from 0.29-a0-520-gc852659d43 to
                  | 0.29-a0-529-gfa20dd96a1
 18244 | D:15     | Reached skill level 10 in Shields
 18305 | D:15     | Found a white marble altar of Elyvilon.
 18305 | D:15     | Found a glowing silver altar of Zin.
 18305 | D:15     | Found a glowing golden altar of the Shining One.
 18984 | D:14     | Killed a fire dragon
 18985 | D:14     | Reached skill level 10 in Invocations
 18985 | D:14     | Gained mutation: Your large and strong wings let you fly.
                  | [Gargoyle growth]
 18985 | D:14     | Reached XP level 14. HP: 84/86 MP: 15/21
 19152 | D:15     | Noticed Kirke
 19153 | D:15     | Noticed a sphinx
 19253 | D:14     | Killed Kirke
 19534 | D:15     | Killed Feovuobo's ghost
 19548 | D:15     | Got Sif Muna's Tome of the Oath
 19715 | Lair:1   | Entered Level 1 of the Lair of Beasts
 19721 | Lair:1   | Identified the +7 trident of Taneigg {vorpal, *Noise Str+7
                  | Dex-2}
 19801 | Orc:1    | Entered Level 1 of the Orcish Mines
 20428 | Orc:1    | Found a shimmering blue altar of Sif Muna.
 20464 | Orc:1    | Got Sif Muna's Tome of the Birds
 20585 | Orc:2    | Entered Level 2 of the Orcish Mines
 21162 | Orc:2    | Reached ***** piety under Qazlal
 21170 | Orc:2    | Noticed an orc warlord
 21409 | Orc:1    | HP: 3/87 [orc warlord/+2 long sword of flaming (2)]
 21410 | Orc:1    | Mangled by an orc warlord

Illustrated notes

Levels and vault maps discovered:
D:1:      dpeg_arrival_simpleton_c, layout_basic,
          dreamdust_ecumenical_altar_hidden_monk_grotto
D:2:      layout_basic
D:3:      layout_basic, minmay_pentomino_pile, uniq_terence
D:4:      layout_loops_ring, minmay_temple_entry_butterflies,
          gammafunk_ghost_arena, uniq_menkaure, uniq_crazy_yiuf_cottage,
          uniq_eustachio
D:5:      layout_cave_pools, minmay_quadrilaterals
D:6:      layout_cave_pools, grunt_temple_overflow_growth_and_decay,
          gammafunk_temple_overflow_pools, serial_gnoll_camp,
          gnoll_camp_mini_shop, gnoll_camp_mini_house, gnoll_camp_medium_01,
          gnoll_camp_mini_sergeant, gnoll_camp_mini_house, minmay_misc_feat_rows
D:7:      layout_basic, uniq_pikel
D:8:      layout_rooms, eino_small_chamber_without_monster
D:9:      layout_loops_ring, orc_0_dummy, uniq_prince_ribbit1
D:10:     layout_rooms, erik_lair_orcish_takeover
D:11:     layout_roguey, nicolae_stop_n_shop_2
D:12:     layout_loops_ring, serial_shops, nicolae_shop_waterfront
D:13:     layout_irregular_city, grunt_vaults_entry_tiered
D:14:     layout_basic, gauntlet_entry_generic, fountainhead,
          gammafunk_ghost_berserking_beasts
D:15:     grunt_enter_depths_giant_problem, layout_grid_maze,
          good_gods_mini_temple, serial_shops, nicolae_lakefront_shop,
          serial_ice, serial_ice_h, serial_ice_k, serial_ice_b, serial_ice_m,
          ebering_ghost_rock_garden, uniq_kirke
Temple:   eino_narrow_crystal_temple
Lair:1:   layout_misc_corridors, chequers_serial_rivers_small_3,
          grunt_megastairs_1, infiniplex_staircase_pool_2, uniq_harold
Orc:1:    layout_caves, led_sif_book
Orc:2:    grunt_orc_cross, layout_caves, special_room

Skill      XL: |  1  2  3  4  5  6  7  8  9 10 11 12 13 14 |
---------------+-------------------------------------------+-----
Axes           | 2 3 4 5 6 8 9 10 11 12 | 12.9
Shields        | 4 6 7 8 9 10 | 10.4
Armour         | 4 5 6 7 8 9 10 | 10.6
Fighting       | 4 5 6 7 8 9 |  9.8
Dodging        | 1 2 3 |  3.4
Invocations    | 2 4 6 7 8 10 | 10.3
Evocations     | 1 3 4 6 7 |  7.8
Throwing       | 1 |  1.6
Stealth        | 1 2 3 |  3.0

Action                   |  1- 3 |  4- 6 |  7- 9 | 10-12 | 13-15 || total
-------------------------+-------+-------+-------+-------+-------++-------
Melee: War axe           |   119 |   103 |   300 |   506 |    70 ||  1098
       Broad axe         |       |       |       |       |   351 ||   351
Throw: Stone             |    11 |    11 |     9 |    10 |       ||    41
       Boomerang         |       |       |       |     5 |     3 ||     8
       Dart              |       |       |       |     3 |       ||     3
Invok: Upheaval          |       |       |       |     3 |     3 ||     6
       Elemental Force   |       |       |       |     5 |     4 ||     9
Evoke: Wand              |       |       |     2 |     7 |     1 ||    10
       Lightning rod     |       |       |       |       |     1 ||     1
  Use: Scroll            |     5 |     8 |     6 |     4 |     9 ||    32
       Potion            |       |     3 |       |     2 |     3 ||     8
 Stab: Paralysed         |       |       |       |     1 |     4 ||     5
       Distracted        |       |       |       |       |     1 ||     1
Armor: Scale mail        |    21 |       |       |       |       ||    21
       Chain mail        |    65 |    78 |   254 |   336 |   303 ||  1036
       Plate armour      |       |       |       |    55 |       ||    55
Dodge: Dodged            |    45 |    51 |   173 |   183 |   121 ||   573
       Repelled          |       |       |       |     2 |       ||     2
Block: Buckler           |    23 |    29 |   168 |   295 |       ||   515
       Kite shield       |       |       |       |   112 |   416 ||   528

Table legend: (Time is in decaauts)
 A = Elapsed time spent in this place.
 B = Non-inter-level travel time spent in this place.
 C = Inter-level travel time spent in this place.
 D = Time resting spent in this place.
 E = Time spent auto-exploring this place.
 F = Levels seen in this place.
 G = Mean time per level.
                   A        B        C        D        E       F      G
               +--------+--------+--------+--------+--------+-----+--------+
         Total |  21712 |  20979 |    733 |   3417 |   9764 |  20 | 1085.6 |
       Dungeon |  19287 |  18555 |    732 |   2744 |   9344 |  15 | 1285.8 |
        Temple |    202 |    202 |      0 |      0 |     77 |   1 |  202.0 |
          Lair |     19 |     19 |      0 |      0 |      0 |   1 |   19.0 |
  Orcish Mines |   1386 |   1386 |      0 |    559 |    343 |   2 |  693.0 |
      Gauntlet |    815 |    815 |      0 |    114 |      0 |   1 |  815.0 |
               +--------+--------+--------+--------+--------+-----+--------+

Top non-repeatable levels by time:
     D:6: 2223 daAuts
    D:15: 1777 daAuts
    D:11: 1527 daAuts
     D:9: 1453 daAuts
    D:13: 1435 daAuts
     D:5: 1426 daAuts
     D:2: 1336 daAuts
    D:14: 1302 daAuts
   Orc:1: 1277 daAuts
     D:1: 1233 daAuts
     D:7: 1104 daAuts
     D:4: 962 daAuts
     D:8: 950 daAuts
    D:10: 946 daAuts
    D:12: 935 daAuts
